[Event "ICC tourney 2556 (25 5)"]
[Site "Internet Chess Club"]
[Date "2021.05.09"]
[Round "6"]
[White "HARDIKAR, RISHI:K05-17067607"]
[Black "VINIAK, SAATVIK:K05-16432705"]
[Result "1-0"]
[ICCResult "Black checkmated"]
[WhiteElo "255"]
[BlackElo "672"]
[Opening "Sicilian defense"]
[ECO "B30"]
[NIC "SI.31"]
[Time "13:31:21"]
[PlyCount "55"]
[TimeControl "1500+5"]

1. e4 c5 2. Nf3 Nc6 3. Bc4 e6 4. Nc3 Nf6 5. d3 g6 6. Bg5 e5 7. Nd5 Bg7 8.
c3 h6 9. Bh4 g5 10. Nxg5 hxg5 11. Bxg5 d6 12. Qf3 Bg4 13. Nxf6+ Kf8 14.
Nh7+ Ke8 15. Qxg4 Qd7 16. Qf3 Rxh7 17. O-O-O Ne7 18. Qxf7+ Kd8 19. d4 Kc7
20. dxc5 Bf8 21. Qxh7 Qg4 22. Bxe7 Bxe7 23. Qxe7+ Qd7 24. cxd6+ Kc8 25. Be6
Qxe6 26. Qxe6+ Kd8 27. Qe7+ Kc8 28. Qc7# { Black checkmated } 1-0

[Event "ICC tourney 2556 (25 5)"]
[Site "Internet Chess Club"]
[Date "2021.05.09"]
[Round "6"]
[White "YAO, COCO:K05-16335651"]
[Black "KHAN, ARMAAN:K05-16945063"]
[Result "1-0"]
[ICCResult "Black checkmated"]
[WhiteElo "1082"]
[BlackElo "659"]
[Opening "Two knights defense (Modern bishop's opening)"]
[ECO "C55"]
[NIC "IG.01"]
[Time "13:32:38"]
[PlyCount "41"]
[TimeControl "1500+5"]

1. e4 e5 2. Nf3 Nc6 3. Bc4 Nf6 4. d3 h6 5. Nc3 Bc5 6. h3 O-O 7. g4 g5 8.
Nxg5 hxg5 9. Bxg5 Be7 10. h4 d6 11. h5 Bxg4 12. f3 Bxh5 13. Bxf6 Bxf6 14.
Rxh5 Nd4 15. f4 Bh4+ 16. Kf1 Re8 17. Qg4+ Kf8 18. Rh8+ Ke7 19. Rxh4 exf4
20. Nd5+ Kf8 21. Rh8# { Black checkmated } 1-0

[Event "ICC tourney 2556 (25 5)"]
[Site "Internet Chess Club"]
[Date "2021.05.09"]
[Round "6"]
[White "RAMANUJA, KESHAV:K05-30040275"]
[Black "POTASHINSKY, ILAN:K05-17014227"]
[Result "0-1"]
[ICCResult "White checkmated"]
[WhiteElo "615"]
[BlackElo "266"]
[Opening "Petrov's defense"]
[ECO "C42"]
[NIC "RG.01"]
[Time "13:33:41"]
[PlyCount "44"]
[TimeControl "1500+5"]

1. e4 e5 2. Nf3 Nf6 3. Bd3 Bc5 4. Nxe5 O-O 5. Nc3 d6 6. Nf3 Bg4 7. h3 Bh5
8. Be2 Nc6 9. d3 d5 10. Bf4 Re8 11. Nh4 dxe4 12. Bxh5 exd3+ 13. Kd2 Ne4+
14. Nxe4 Rxe4 15. f3 Bb4+ 16. Kc1 Rxf4 17. g4 Rc4 18. Kb1 dxc2+ 19. Qxc2
Rxc2 20. Kxc2 Qd2+ 21. Kb3 Nd4+ 22. Ka4 b5# { White checkmated } 0-1

[Event "ICC tourney 2556 (25 5)"]
[Site "Internet Chess Club"]
[Date "2021.05.09"]
[Round "6"]
[White "RAMAN, ARJUN:K05-16786670"]
[Black "CLARO, LUKE:K05-30079195"]
[Result "1-0"]
[ICCResult "Black checkmated"]
[WhiteElo "1310"]
[BlackElo "931"]
[Opening "Scotch game"]
[ECO "C45"]
[NIC "SO.05"]
[Time "13:31:55"]
[PlyCount "109"]
[TimeControl "1500+5"]

1. e4 e5 2. Nf3 Nc6 3. d4 exd4 4. Nxd4 Bc5 5. Be3 Bxd4 6. Bxd4 Nxd4 7. Qxd4
Qf6 8. e5 Qb6 9. Qxb6 axb6 10. Bc4 d6 11. exd6 cxd6 12. O-O Nf6 13. Re1+
Kd7 14. Bxf7 Ra5 15. Nc3 Re5 16. Rxe5 dxe5 17. Na4 Ke7 18. Bb3 b5 19. Nc5
Rd8 20. h3 Rd2 21. Re1 Kd6 22. Ne4+ Nxe4 23. Rxe4 Rd1+ 24. Kh2 Rb1 25. Rb4
Rxb2 26. Rxb5 Kc6 27. Rb4 Kd6 28. Re4 Be6 29. Re2 Bxb3 30. axb3 Ke6 31. f4
e4 32. Rxe4+ Kf5 33. Rc4 g6 34. Kg3 h5 35. Kf3 b5 36. Rc5+ Kf6 37. Rxb5
Rxc2 38. b4 Rc3+ 39. Kf2 Rc4 40. Kg3 Rc3+ 41. Kh4 Rc4 42. g3 Kg7 43. Kg5
Rc3 44. Rb7+ Kg8 45. Kxg6 Rxg3+ 46. Kxh5 Rxh3+ 47. Kg4 Rh8 48. Rb8+ Kf7 49.
Rxh8 Ke7 50. f5 Kf7 51. b5 Ke7 52. b6 Kf7 53. b7 Ke7 54. b8=Q Kf7 55. Qf8#
{ Black checkmated } 1-0

[Event "ICC tourney 2556 (25 5)"]
[Site "Internet Chess Club"]
[Date "2021.05.09"]
[Round "6"]
[White "RIAZ, RAYHAN:K05-16543002"]
[Black "SUN, EVAN:K05-17182225"]
[Result "0-1"]
[ICCResult "White checkmated"]
[WhiteElo "1478"]
[BlackElo "1011"]
[Opening "Queen's pawn: Charlick (Englund) gambit"]
[ECO "A40"]
[NIC "QO.17"]
[Time "13:31:41"]
[PlyCount "36"]
[TimeControl "1500+5"]

1. d4 e5 2. dxe5 Nc6 3. Nf3 Qe7 4. Nc3 Nxe5 5. Bf4 Nxf3+ 6. gxf3 Nf6 7. Qd2
d5 8. Nxd5 Nxd5 9. Qxd5 Qb4+ 10. Qd2 Qxb2 11. Rd1 Bb4 12. c3 Bxc3 13. Rg1
Bxd2+ 14. Rxd2 Qb4 15. Rxg7 Qxf4 16. Rg4 Bxg4 17. fxg4 Qb4 18. Kd1 Qb1# {
White checkmated } 0-1

[Event "ICC tourney 2556 (25 5)"]
[Site "Internet Chess Club"]
[Date "2021.05.09"]
[Round "6"]
[White "ZHANG, SARAH:K05-16865540"]
[Black "BRACK KARSTEN, ROWAN:K05-16593891"]
[Result "1-0"]
[ICCResult "Black resigns"]
[WhiteElo "1087"]
[BlackElo "786"]
[Opening "Petrov three knights game"]
[ECO "C42"]
[NIC "RG.01"]
[Time "13:33:41"]
[PlyCount "63"]
[TimeControl "1500+5"]

1. e4 e5 2. Nf3 Nf6 3. Nc3 Bc5 4. Bc4 Ng4 5. O-O Nxf2 6. Rxf2 Bxf2+ 7. Kxf2
Nc6 8. d3 d6 9. Kg1 Bg4 10. h3 Bxf3 11. Qxf3 O-O 12. Qg3 Qf6 13. Be3 Nd4
14. Bxd4 exd4 15. Rf1 Qh6 16. Ne2 c5 17. Qf4 Qxf4 18. Nxf4 Rae8 19. Bd5 b6
20. Bc6 Rc8 21. Bb7 Rc7 22. Ba6 f5 23. Ne6 Rcf7 24. Nxf8 Rxf8 25. Bc4+ Kh8
26. Rxf5 Rd8 27. Kf2 g6 28. Rf3 b5 29. Bd5 b4 30. b3 a5 31. Rf7 Ra8 32.
Bxa8 { Black resigns } 1-0

[Event "ICC tourney 2556 (25 5)"]
[Site "Internet Chess Club"]
[Date "2021.05.09"]
[Round "6"]
[White "RAMIREDDY, ABHINAV:K05-16502971"]
[Black "BHATTACHARJEE, RIJU:K05-16538876"]
[Result "0-1"]
[ICCResult "White checkmated"]
[WhiteElo "912"]
[BlackElo "1270"]
[Opening "Scotch game"]
[ECO "C45"]
[NIC "SO.05"]
[Time "13:31:18"]
[PlyCount "62"]
[TimeControl "1500+5"]

1. e4 e5 2. Nf3 Nc6 3. d4 exd4 4. Nxd4 Bc5 5. Be3 Bxd4 6. Bxd4 Nxd4 7. Qxd4
Qf6 8. Qc3 Qxc3+ 9. Nxc3 Ne7 10. Bc4 d6 11. O-O O-O 12. f4 Be6 13. Bb3 Bxb3
14. axb3 f5 15. e5 dxe5 16. fxe5 Nc6 17. Nd5 Nxe5 18. Nxc7 Rac8 19. Nb5
Rxc2 20. Rxa7 Rxb2 21. Rxb7 Rxb3 22. Nd6 Rxb7 23. Nxb7 g6 24. Re1 Ng4 25.
h3 Nf6 26. Kf2 Ne4+ 27. Kf3 Rb8 28. Na5 Rb5 29. Nc4 Rb3+ 30. Ne3 Rb2 31. g4
Rf2# { White checkmated } 0-1

[Event "ICC tourney 2556 (25 5)"]
[Site "Internet Chess Club"]
[Date "2021.05.09"]
[Round "6"]
[White "REMPE, LENNIK:K05-15868931"]
[Black "AGARWAL, VISHISHT:K05-17044688"]
[Result "0-1"]
[ICCResult "White resigns"]
[WhiteElo "1235"]
[BlackElo "893"]
[Opening "Four knights: Spanish variation"]
[ECO "C48"]
[NIC "KP.03"]
[Time "13:33:10"]
[PlyCount "30"]
[TimeControl "1500+5"]

1. e4 e5 2. Nf3 Nc6 3. Nc3 Nf6 4. Bb5 d6 5. d4 exd4 6. Nxd4 Bd7 7. Nxc6
bxc6 8. Bd3 Be7 9. O-O O-O 10. Re1 Be6 11. Qf3 d5 12. e5 Ne8 13. Qh5 g6 14.
Qh6 Ng7 15. Re3 Bg5 { White resigns } 0-1

[Event "ICC tourney 2556 (25 5)"]
[Site "Internet Chess Club"]
[Date "2021.05.09"]
[Round "6"]
[White "WOLFE, JAXON:K05-16374716"]
[Black "REN, JOCELYN:K05-16899282"]
[Result "0-1"]
[ICCResult "White resigns"]
[WhiteElo "1543"]
[BlackElo "1234"]
[Opening "Giuoco Piano"]
[ECO "C50"]
[NIC "IG.02"]
[Time "13:33:00"]
[PlyCount "56"]
[TimeControl "1500+5"]

1. e4 e5 2. Nf3 Nc6 3. Bc4 Bc5 4. O-O Nf6 5. d3 d6 6. h3 Na5 7. Bb3 h6 8.
Nc3 a6 9. Be3 Bxe3 10. fxe3 Nxb3 11. axb3 O-O 12. Nh4 Nxe4 13. Nf5 Nxc3 14.
bxc3 Qg5 15. Qf3 Bxf5 16. Qxf5 Qxe3+ 17. Qf2 Qxf2+ 18. Rxf2 f5 19. Raf1 f4
20. d4 Rf6 21. g3 Raf8 22. dxe5 dxe5 23. gxf4 Rxf4 24. Rxf4 Rxf4 25. Rxf4
exf4 26. Kf2 Kf7 27. Kf3 g5 28. h4 Kf6 { White resigns } 0-1

[Event "ICC tourney 2556 (25 5)"]
[Site "Internet Chess Club"]
[Date "2021.05.09"]
[Round "6"]
[White "NEWELL, LOGAN:K05-17048236"]
[Black "VU, CAROLINE:K05-16155397"]
[Result "0-1"]
[ICCResult "White checkmated"]
[WhiteElo "566"]
[BlackElo "896"]
[Opening "Vienna gambit"]
[ECO "C25"]
[NIC "VG.04"]
[Time "13:31:42"]
[PlyCount "58"]
[TimeControl "1500+5"]

1. e4 e5 2. Nc3 Nc6 3. f4 exf4 4. Nf3 Bc5 5. d4 d6 6. dxc5 dxc5 7. Bxf4 Nf6
8. Bc4 Be6 9. Bxe6 fxe6 10. e5 Nd5 11. Nxd5 exd5 12. Bg5 Ne7 13. Bxe7 Qxe7
14. O-O O-O-O 15. a4 Rhg8 16. a5 a6 17. c3 g5 18. h3 h5 19. Rb1 g4 20. Ne1
gxh3 21. g3 Qxe5 22. Qf3 Rxg3+ 23. Qxg3 Qxg3+ 24. Kh1 Re8 25. Rg1 Qf2 26.
Nd3 Qf3+ 27. Kh2 Re2+ 28. Nf2 Rxf2+ 29. Rg2 Qxg2# { White checkmated } 0-1

[Event "ICC tourney 2556 (25 5)"]
[Site "Internet Chess Club"]
[Date "2021.05.09"]
[Round "6"]
[White "AMRANY, BENJAMIN:K05-17261253"]
[Black "RAJESH, DHRUV:K05-17236526"]
[Result "1-0"]
[ICCResult "Black checkmated"]
[WhiteElo "1241"]
[BlackElo "910"]
[Opening "QGD: Neo-orthodox variation, 7.Bh4"]
[ECO "D56"]
[NIC "QO.13"]
[Time "13:30:45"]
[PlyCount "97"]
[TimeControl "1500+5"]

1. d4 d5 2. c4 e6 3. Nc3 Nf6 4. Bg5 Be7 5. Nf3 O-O 6. e3 h6 7. Bh4 Nc6 8.
cxd5 exd5 9. Bd3 Be6 10. O-O Nh7 11. Bxh7+ Kxh7 12. Bxe7 Qxe7 13. Rc1 Qd7
14. Na4 Bg4 15. Nc5 Qc8 16. Qc2+ Kg8 17. Ne5 Nxe5 18. dxe5 f6 19. f3 Bd7
20. exf6 Rxf6 21. Nxd7 Qxd7 22. Qxc7 Qxc7 23. Rxc7 Rb8 24. Rfc1 Rb6 25.
R1c2 Ra6 26. a3 Rd6 27. R2c3 d4 28. Rd3 Rdd8 29. Rxd4 Rxd4 30. exd4 Kh7 31.
Kf2 Kg6 32. Ke3 Kf5 33. h4 Re8+ 34. Kd3 Rb8 35. Rxg7 Kf4 36. Rh7 Kg3 37.
Rxh6 Kxg2 38. Rf6 Kh3 39. h5 Kh4 40. h6 Kg5 41. Rd6 b6 42. h7 b5 43. Rd7 a5
44. Rg7+ Kh6 45. Rg8 Rxg8 46. hxg8=Q Kh5 47. Ke4 Kh6 48. Kf5 Kh5 49. Qh8# {
Black checkmated } 1-0

[Event "ICC tourney 2556 (25 5)"]
[Site "Internet Chess Club"]
[Date "2021.05.09"]
[Round "6"]
[White "LIU, KAYLAH:K05-17154374"]
[Black "GUDI, KEERTHANA:K05-16551243"]
[Result "0-1"]
[ICCResult "White checkmated"]
[WhiteElo "431"]
[BlackElo "843"]
[Opening "Ruy Lopez: Berlin defense, Beverwijk variation"]
[ECO "C64"]
[NIC "RL.01"]
[Time "13:32:14"]
[PlyCount "58"]
[TimeControl "1500+5"]

1. e4 e5 2. Nf3 Nc6 3. Bb5 Bc5 4. O-O Nf6 5. h3 Nxe4 6. Re1 Bxf2+ 7. Kf1
Bxe1 8. Qxe1 Nd6 9. Bxc6 dxc6 10. Qxe5+ Be6 11. d4 O-O 12. Nbd2 Re8 13. Qf4
h6 14. Ne4 Nxe4 15. Qxe4 Bc4+ 16. Ke1 Rxe4+ 17. Kd2 Re2+ 18. Kc3 b5 19. Nd2
Rxg2 20. Nxc4 bxc4 21. Kxc4 Rxc2+ 22. Kb3 Rh2 23. Be3 Rxh3 24. Re1 Qxd4 25.
Kc2 Rxe3 26. Rxe3 Qxe3 27. Kb1 Qd2 28. a3 Rb8 29. Ka2 Qxb2# { White
checkmated } 0-1

[Event "ICC tourney 2556 (25 5)"]
[Site "Internet Chess Club"]
[Date "2021.05.09"]
[Round "6"]
[White "SHAH, NIKHIL:K05-16252950"]
[Black "PARHAR, VIVAAN:K05-16000954"]
[Result "0-1"]
[ICCResult "White checkmated"]
[WhiteElo "865"]
[BlackElo "1148"]
[Opening "French: advance variation"]
[ECO "C02"]
[NIC "FR.03"]
[Time "13:30:59"]
[PlyCount "74"]
[TimeControl "1500+5"]

1. e4 e6 2. d4 d5 3. e5 c5 4. c3 Nc6 5. Be3 Qb6 6. Qb3 cxd4 7. Qxb6 axb6 8.
cxd4 Bb4+ 9. Nc3 Bd7 10. a3 Be7 11. Bb5 f6 12. Nf3 fxe5 13. Bxc6 bxc6 14.
Nxe5 Nf6 15. O-O O-O 16. Rac1 c5 17. dxc5 bxc5 18. Ne2 Bd6 19. Bxc5 Bxc5
20. Rxc5 Rab8 21. b4 Bb5 22. Re1 Ne4 23. Rc7 Rxf2 24. Ng3 Rbf8 25. Re7 Nxg3
26. hxg3 h6 27. Rxe6 Rf1+ 28. Rxf1 Rxf1+ 29. Kh2 Ra1 30. Rb6 Bf1 31. Rb8+
Kh7 32. Ra8 Ra2 33. Kh3 Bxg2+ 34. Kg4 d4 35. Kh5 Bxa8 36. b5 Rxa3 37. g4
Rh3# { White checkmated } 0-1

[Event "ICC tourney 2556 (25 5)"]
[Site "Internet Chess Club"]
[Date "2021.05.09"]
[Round "6"]
[White "BUCHIREDDY, ARYAN:K05-17330263"]
[Black "KANCHARLAPALLI, NIYATI:K05-16973271"]
[Result "1-0"]
[ICCResult "Black checkmated"]
[WhiteElo "843"]
[BlackElo "310"]
[Opening "French: exchange variation"]
[ECO "C01"]
[NIC "FR.01"]
[Time "13:33:22"]
[PlyCount "39"]
[TimeControl "1500+5"]

1. e4 e6 2. d4 d5 3. exd5 exd5 4. c4 c5 5. Nc3 Nc6 6. dxc5 Bxc5 7. cxd5 Qf6
8. Qe2+ Be7 9. dxc6 Qxc6 10. Qe3 Bf5 11. Bb5 Qxb5 12. Nxb5 Nf6 13. Nd6+ Kf8
14. Nxf5 Re8 15. Kd1 Rd8+ 16. Kc2 Rd5 17. Qxe7+ Kg8 18. Nh6+ gxh6 19. Bxh6
Ng4 20. Qf8# { Black checkmated } 1-0

[Event "ICC tourney 2556 (25 5)"]
[Site "Internet Chess Club"]
[Date "2021.05.09"]
[Round "6"]
[White "ZONGO, SAMIRA:K05-16439907"]
[Black "MUSE SINEK, JAMES:K05-17174225"]
[Result "1-0"]
[ICCResult "Black checkmated"]
[WhiteElo "560"]
[BlackElo "258"]
[Opening "Giuoco Piano: four knights variation"]
[ECO "C47"]
[NIC "KP.06"]
[Time "13:37:32"]
[PlyCount "27"]
[TimeControl "1500+5"]

1. e4 e5 2. Nf3 Nc6 3. Nc3 Nf6 4. Bc4 Bc5 5. Ng5 O-O 6. d4 exd4 7. Nd5 Nxd5
8. exd5 Re8+ 9. Ne6 Qh4 10. O-O Qe7 11. Ng5 d3 12. Qxd3 Nb4 13. Qxh7+ Kf8
14. Qh8# { Black checkmated } 1-0

[Event "ICC tourney 2556 (25 5)"]
[Site "Internet Chess Club"]
[Date "2021.05.09"]
[Round "6"]
[White "WUERTELE, MILES:K05-16262564"]
[Black "THIRUGNANA, KAVIN:K05-30020780"]
[Result "1-0"]
[ICCResult "Black checkmated"]
[WhiteElo "819"]
[BlackElo "308"]
[Opening "Four knights: Scotch, 4...exd4"]
[ECO "C47"]
[NIC "KP.06"]
[Time "13:33:22"]
[PlyCount "91"]
[TimeControl "1500+5"]

1. e4 e5 2. Nf3 Nc6 3. Nc3 Nf6 4. d4 exd4 5. Nxd4 Nxd4 6. Qxd4 Ng4 7. Be2
Qf6 8. Qxf6 Nxf6 9. O-O Bd6 10. Bg5 Be5 11. Bxf6 Bxf6 12. Nd5 Bxb2 13.
Nxc7+ Kd8 14. Nxa8 Bxa1 15. Rxa1 d6 16. Rd1 Kd7 17. Bg4+ Kd8 18. Bxc8 Kxc8
19. Rxd6 Kb8 20. e5 Kxa8 21. Rd7 b6 22. Rxf7 Rg8 23. e6 Kb8 24. e7 Kc8 25.
Rf8+ Rxf8 26. exf8=Q+ Kd7 27. Qxg7+ Ke6 28. Qxh7 Ke5 29. Qd3 Kf4 30. Qa6
Ke4 31. Qxa7 Kd5 32. Qxb6 Kc4 33. Qb3+ Kd4 34. a4 Kc5 35. a5 Kd4 36. a6 Ke4
37. a7 Ke5 38. a8=Q Kd6 39. Qbd5+ Ke7 40. Qa6 Ke8 41. Qdb7 Kd8 42. h3 Ke8
43. h4 Kf8 44. h5 Kg8 45. h6 Kh8 46. Qg7# { Black checkmated } 1-0

[Event "ICC tourney 2556 (25 5)"]
[Site "Internet Chess Club"]
[Date "2021.05.09"]
[Round "6"]
[White "SKANDA, SAURAV:K05-30130797"]
[Black "HU, ANDREW:K05-30094774"]
[Result "0-1"]
[ICCResult "White checkmated"]
[WhiteElo "731"]
[BlackElo "1135"]
[Opening "Sicilian: Labourdonnais-Löwenthal variation"]
[ECO "B32"]
[NIC "SI.32"]
[Time "13:30:23"]
[PlyCount "104"]
[TimeControl "1500+5"]

1. e4 c5 2. Nf3 Nc6 3. d4 cxd4 4. Nxd4 e5 5. Nxc6 dxc6 6. Qxd8+ Kxd8 7. Nc3
Nf6 8. b3 Bb4 9. Bd2 Bxc3 10. Bxc3 Nxe4 11. Bxe5 Re8 12. Bxg7 Ng3+ 13. Kd1
Nxh1 14. Kc1 Re1+ 15. Kb2 Rxa1 16. Kxa1 Nxf2 17. Bf6+ Ke8 18. Bh4 Ng4 19.
h3 Ne3 20. Bd3 Nxg2 21. Bg5 Bxh3 22. Bxh7 Ne1 23. Kb2 Nf3 24. Bc1 f5 25.
Bg6+ Ke7 26. Bh5 Bg4 27. Bg6 Kf6 28. Bh7 Kg7 29. Bxf5 Bxf5 30. Bf4 Nd4 31.
c3 Nb5 32. Be5+ Kf7 33. c4 Ke6 34. cxb5 Kxe5 35. bxc6 bxc6 36. Kc3 Bb1 37.
a4 Rb8 38. Kc4 Bc2 39. Kc5 Bxb3 40. Kxc6 Bxa4+ 41. Kc7 Rb1 42. Kc8 Bc2 43.
Kc7 a5 44. Kc6 a4 45. Kc5 a3 46. Kc4 a2 47. Kc3 a1=Q+ 48. Kxc2 Rb2+ 49. Kd3
Qd1+ 50. Kc4 Rc2+ 51. Kb5 Qb1+ 52. Ka6 Ra2# { White checkmated } 0-1

[Event "ICC tourney 2556 (25 5)"]
[Site "Internet Chess Club"]
[Date "2021.05.09"]
[Round "6"]
[White "SKOCZYLAS, ALEXANDER:K05-16503528"]
[Black "KISHOR MANE, ARNAV:K05-16881843"]
[Result "0-1"]
[ICCResult "White checkmated"]
[WhiteElo "1001"]
[BlackElo "1316"]
[Opening "Sicilian: Smith-Morra gambit"]
[ECO "B21"]
[NIC "SI.48"]
[Time "13:30:35"]
[PlyCount "110"]
[TimeControl "1500+5"]

1. e4 c5 2. d4 cxd4 3. c3 dxc3 4. Nxc3 d6 5. Bc4 Nc6 6. Nf3 Nf6 7. O-O a6
8. Bg5 e6 9. Re1 h6 10. Bh4 Be7 11. e5 dxe5 12. Qxd8+ Bxd8 13. Nxe5 Nxe5
14. Rxe5 b5 15. Bb3 O-O 16. Bxf6 Bxf6 17. Re2 Bb7 18. Rae1 Rac8 19. Re3 Bg5
20. Rg3 Bd2 21. Rd1 Bxc3 22. bxc3 Rfd8 23. Rxd8+ Rxd8 24. Kf1 a5 25. Ke2 a4
26. Bc2 Bd5 27. a3 Bc4+ 28. Ke3 Rd5 29. Be4 Rd1 30. Kf4 Ra1 31. Ke3 Rxa3
32. Kd2 Ra2+ 33. Bc2 Bb3 34. Rd3 Rxc2+ 35. Ke3 a3 36. Rd8+ Kh7 37. Rd3 Rc1
38. Rd2 a2 39. Rxa2 Bxa2 40. Kd4 Rc2 41. h3 Rxf2 42. g4 Rf3 43. g5 Rxh3 44.
g6+ fxg6 45. c4 Bxc4 46. Ke5 Rh5+ 47. Kd4 Bf1 48. Ke4 b4 49. Kd4 b3 50. Kc3
Rb5 51. Kb2 e5 52. Kc1 b2+ 53. Kb1 Bd3+ 54. Ka2 b1=Q+ 55. Ka3 Qb3# { White
checkmated } 0-1

[Event "ICC tourney 2556 (25 5)"]
[Site "Internet Chess Club"]
[Date "2021.05.09"]
[Round "6"]
[White "KASERA, SAANVI:K05-16376033"]
[Black "PAK, KINGSTON:K05-30066451"]
[Result "0-1"]
[ICCResult "White checkmated"]
[WhiteElo "951"]
[BlackElo "1303"]
[Opening "Bishop's opening: Berlin defense"]
[ECO "C24"]
[NIC "IG.04"]
[Time "13:31:42"]
[PlyCount "104"]
[TimeControl "1500+5"]

1. e4 e5 2. Bc4 Nf6 3. d3 Bc5 4. Nc3 Nc6 5. Bg5 O-O 6. Nd5 h6 7. Bh4 g5 8.
Bg3 Nxd5 9. Bxd5 d6 10. Qh5 Qf6 11. Nf3 Kg7 12. Bxc6 bxc6 13. h4 Qg6 14.
hxg5 Qxh5 15. Rxh5 Bg4 16. Rh4 Bxf3 17. gxf3 hxg5 18. Rg4 f6 19. O-O-O Rab8
20. Rg1 Bd4 21. c3 Bb6 22. Bh4 Bxf2 23. Bxf2 Kg6 24. Bh4 Rh8 25. Rh1 Rh5
26. Rhg1 Rbh8 27. f4 Rxh4 28. Rxh4 Rxh4 29. fxg5 fxg5 30. b4 Rh2 31. a4 Kh5
32. c4 Kh4 33. Kd1 g4 34. Ke1 g3 35. Kf1 Rf2+ 36. Ke1 Kh3 37. b5 cxb5 38.
axb5 Kh2 39. Rf1 Rxf1+ 40. Kxf1 g2+ 41. Kf2 g1=Q+ 42. Kf3 Qg3+ 43. Ke2 Kg2
44. Kd2 Qf2+ 45. Kc3 Qd4+ 46. Kd2 Kf3 47. Kc2 Ke2 48. Kb3 Qxd3+ 49. Kb4
Qb1+ 50. Ka5 Qa2+ 51. Kb4 Qb2+ 52. Ka5 Qa3# { White checkmated } 0-1

[Event "ICC tourney 2556 (25 5)"]
[Site "Internet Chess Club"]
[Date "2021.05.09"]
[Round "6"]
[White "YEHUDAI, SETH:K05-16472744"]
[Black "QUINONES, MADELYN:K05-16268810"]
[Result "1-0"]
[ICCResult "Black checkmated"]
[WhiteElo "940"]
[BlackElo "600"]
[Opening "Queen's pawn game, Chigorin variation"]
[ECO "A40"]
[NIC "QO.17"]
[Time "13:32:22"]
[PlyCount "47"]
[TimeControl "1500+5"]

1. d4 Nc6 2. Nf3 d5 3. Bf4 Nf6 4. e3 g6 5. Be2 Bg7 6. O-O e6 7. c4 O-O 8.
Nc3 a6 9. c5 b6 10. cxb6 cxb6 11. Rc1 b5 12. a3 a5 13. Bxb5 Ne7 14. Bd3 Ba6
15. h3 Bxd3 16. Qxd3 Nc6 17. Rc2 h6 18. Rfc1 g5 19. Bh2 h5 20. Nxg5 e5 21.
dxe5 Nxe5 22. Bxe5 Bh6 23. Bxf6 Qxf6 24. Qh7# { Black checkmated } 1-0

[Event "ICC tourney 2556 (25 5)"]
[Site "Internet Chess Club"]
[Date "2021.05.09"]
[Round "6"]
[White "ARJI, SAMARTH:K05-16959461"]
[Black "W ZHANG, ETHAN:K05-17088714"]
[Result "0-1"]
[ICCResult "White checkmated"]
[WhiteElo "457"]
[BlackElo "839"]
[Opening "Sicilian"]
[ECO "B55"]
[NIC "SI.01"]
[Time "13:31:22"]
[PlyCount "98"]
[TimeControl "1500+5"]

1. e4 c5 2. Nf3 d6 3. d4 cxd4 4. Nxd4 Nf6 5. Bb5+ Bd7 6. Bxd7+ Nbxd7 7. O-O
Nxe4 8. Qe2 Nef6 9. Bg5 e6 10. Qb5 Qb6 11. Qxb6 axb6 12. Re1 Be7 13. Nc3
O-O 14. Ne4 h6 15. Nxf6+ Nxf6 16. Bh4 Ra6 17. Nxe6 fxe6 18. Rxe6 Bd8 19.
Rxd6 b5 20. Rxa6 bxa6 21. Rd1 Bb6 22. Rd6 Bxf2+ 23. Bxf2 Ne4 24. Bc5 Nxd6
25. Bxd6 Rc8 26. h3 Rxc2 27. Bf4 Rxb2 28. Be5 Rxa2 29. Bd4 Rd2 30. Bc3 Rd1+
31. Kh2 Rc1 32. Bd2 Rc2 33. Be3 a5 34. Bd4 a4 35. Be5 b4 36. h4 a3 37. h5
b3 38. Bf4 a2 39. Be5 b2 40. Bd4 b1=Q 41. Be5 Qb5 42. Bd6 a1=Q 43. Kh3
Qxh5+ 44. Kg3 Qa3+ 45. Bxa3 Rc3+ 46. Kf2 Rxa3 47. g3 Qf5+ 48. Kg2 Ra2+ 49.
Kg1 Qb1# { White checkmated } 0-1

[Event "ICC tourney 2556 (25 5)"]
[Site "Internet Chess Club"]
[Date "2021.05.09"]
[Round "6"]
[White "RODIC, ELLIOT:K05-16510635"]
[Black "GRESHAM, JOB:K05-16440438"]
[Result "0-1"]
[ICCResult "White checkmated"]
[WhiteElo "724"]
[BlackElo "954"]
[Opening "Giuoco Pianissimo"]
[ECO "C55"]
[NIC "IG.01"]
[Time "13:30:43"]
[PlyCount "54"]
[TimeControl "1500+5"]

1. e4 e5 2. Nf3 Nc6 3. Bc4 Nf6 4. d3 Bc5 5. Bg5 h6 6. Bh4 g5 7. Bg3 d6 8.
Nc3 Bg4 9. h3 Bh5 10. Qd2 Bxf3 11. gxf3 Qd7 12. h4 O-O-O 13. hxg5 hxg5 14.
Rxh8 Rxh8 15. O-O-O Rg8 16. Kb1 Kb8 17. Nd5 Nxd5 18. Bxd5 Nd4 19. c3 Nxf3
20. Qe2 Nh4 21. Bxh4 gxh4 22. Qh5 Bxf2 23. Rf1 Qh3 24. Rxf2 Qxd3+ 25. Kc1
Rg1+ 26. Rf1 Rxf1+ 27. Qd1 Rxd1# { White checkmated } 0-1

[Event "ICC tourney 2556 (25 5)"]
[Site "Internet Chess Club"]
[Date "2021.05.09"]
[Round "6"]
[White "FUNG, JAYDEN:K05-16706456"]
[Black "LEYTE VIDAL, BRANDON:K05-17196870"]
[Result "0-1"]
[ICCResult "White resigns"]
[WhiteElo "761"]
[BlackElo "1118"]
[Opening "Evans gambit"]
[ECO "C51"]
[NIC "IG.05"]
[Time "13:32:39"]
[PlyCount "66"]
[TimeControl "1500+5"]

1. e4 e5 2. Nf3 Nc6 3. Bc4 Bc5 4. b4 Bxb4 5. c3 Bc5 6. d4 exd4 7. cxd4 Bb4+
8. Bd2 Bxd2+ 9. Nbxd2 Nf6 10. e5 Ng8 11. O-O Nge7 12. Nb3 O-O 13. d5 Nb4
14. a3 Na6 15. Bd3 Ng6 16. Qc2 d6 17. Rfe1 dxe5 18. Nxe5 Qg5 19. Nxg6 fxg6
20. Bxa6 bxa6 21. Rad1 Bh3 22. g3 Qg4 23. Re3 Rae8 24. Rde1 Rxe3 25. Rxe3
Rf3 26. Nd2 Rxe3 27. fxe3 Qe2 28. Qe4 Qd1+ 29. Kf2 Qxd2+ 30. Kf3 Bg2+ 31.
Kf4 Bxe4 32. Kxe4 Kf7 33. h4 Ke7 { White resigns } 0-1

[Event "ICC tourney 2556 (25 5)"]
[Site "Internet Chess Club"]
[Date "2021.05.09"]
[Round "6"]
[White "RAO, SUNAY:K05-16538751"]
[Black "SINHA, RITIKA:K05-30103427"]
[Result "1-0"]
[ICCResult "Black checkmated"]
[WhiteElo "480"]
[BlackElo "100"]
[Opening "KP: Nimzovich defense"]
[ECO "B00"]
[NIC "VO.05"]
[Time "13:32:50"]
[PlyCount "41"]
[TimeControl "1500+5"]

1. e4 Nc6 2. Nf3 Nf6 3. Nc3 Nxe4 4. Nxe4 f5 5. Nc3 e5 6. d4 Nxd4 7. Nxd4
exd4 8. Qxd4 d6 9. Qe3+ Qe7 10. Qxe7+ Kxe7 11. Bg5+ Kf7 12. Bc4+ d5 13.
Bxd5+ Ke8 14. O-O Be7 15. Rfe1 c5 16. Rxe7+ Kd8 17. Rxb7+ Ke8 18. Bc6+ Kf8
19. Be7+ Kg8 20. Bd5+ Be6 21. Bxe6# { Black checkmated } 1-0

[Event "ICC tourney 2556 (25 5)"]
[Site "Internet Chess Club"]
[Date "2021.05.09"]
[Round "6"]
[White "SCHMELZER, ZACHARY:K05-16849843"]
[Black "LUNA, LIAM:K05-16268715"]
[Result "0-1"]
[ICCResult "White checkmated"]
[WhiteElo "620"]
[BlackElo "989"]
[Opening "Sicilian defense"]
[ECO "B30"]
[NIC "SI.31"]
[Time "13:33:22"]
[PlyCount "58"]
[TimeControl "1500+5"]

1. e4 c5 2. Nf3 Nc6 3. Nc3 g6 4. Bb5 Bg7 5. Bxc6 bxc6 6. d4 cxd4 7. Nxd4 c5
8. Nf3 d6 9. O-O Nf6 10. Bg5 Bg4 11. h3 Bd7 12. Bxf6 Bxf6 13. Re1 O-O 14.
e5 dxe5 15. Nxe5 Bxe5 16. Rxe5 Qc7 17. Rd5 Bc6 18. Rd2 Rad8 19. Rxd8 Rxd8
20. Qe2 Qb7 21. b3 Bxg2 22. Qg4 Bf3 23. Qf4 Bc6 24. Rd1 Rxd1+ 25. Nxd1 Qd7
26. Ne3 Qxh3 27. Qb8+ Kg7 28. Qe5+ Kh6 29. Qxe7 Qh1# { White checkmated }
0-1